 Dungeon Crawl Stone Soup version 0.28-a0-1227-ga9037bb4c8 (webtiles) character file.

Game seed: 6676199577766477249

170 tilp the Cudgeller (level 5, -12/46 HPs)
             Began as a Draconian Cinder Acolyte on Dec 22, 2021.
             Was a High Priest of Ignis.
             Killed by divine providence
             ... invoked by an orc priest
              (15 damage)
             ... on level 4 of the Dungeon.
             The game lasted 00:05:07 (3847 turns).

tilp the Cudgeller (Draconian Cinder Acolyte)       Turns: 3847, Time: 00:05:08

Health: -12/46     AC:  9    Str: 16    XL:     5   Next: 26%
Magic:  2/6        EV: 11    Int: 16    God:    Ignis [*****.]
Gold:   182        SH:  0    Dex:  7    Spells: 4/6 levels left

rFire   + + .      SeeInvis .   a - -1 mace (flame)
rCold   + . .      Faith    .   (no shield)
rNeg    . . .      Spirit   .   (armour unavailable)
rPois   .          Reflect  .   (helmet restricted)
rElec   .          Harm     .   i - scarf {rC+ rF+}
rCorr   .          Rampage  .   (no gloves)
Will    .....                   (no boots)
Stlth   ++........              (no amulet)
HPRegen 0.15/turn               j - +4 ring of protection
MPRegen 0.10/turn               (no ring)

@: no status effects
A: AC +5, unfitting armour, cold-blooded
a: Renounce Religion, Fiery Armour, Foxfire Swarm, Rising Flame


You were on level 4 of the Dungeon.
You worshipped Ignis.
Ignis was extremely pleased with you.
You visited 1 branch of the dungeon, and saw 4 of its levels.

You collected 182 gold pieces.

Inventory:

Hand Weapons
 a - a -1 mace of flaming (weapon)
 b - a +1 hunting sling of flaming
 c - a +3 dagger
 h - a +0 flail
Missiles
 e - 130 stones (quivered)
 k - 24 sling bullets
 m - 2 atropa-tipped darts
Armour
 i - a scarf of resistance (worn)
Jewellery
 j - a +4 ring of protection (left hand)
Scrolls
 n - a scroll of amnesia {unknown}
Potions
 d - a potion of brilliance
 f - a potion of magic {unknown}
 g - 2 potions of curing
 l - a potion of might {unknown}


   Skills:
 - Level 4.0 Fighting
 + Level 4.5 Maces & Flails
 - Level 2.0 Dodging
 - Level 2.0 Stealth
 - Level 1.0 Spellcasting
 - Level 3.0 Fire Magic


You had 4 spell levels left.
You knew the following spells:

 Your Spells              Type           Power      Damage    Failure   Level
a - Scorch                Fire           20%        2d6       10%         2

Your spell library contained the following spells:

 Spells                   Type           Power      Damage    Failure   Level
 Sublimation of Blood     Necr           0%         N/A       34%         2
 Dazzling Flash           Conj/Hex       0%         N/A       56%         3
 Ozocubu's Armour         Ice            0%         N/A       56%         3
 Iskenderun's Mystic Bla  Conj/Tloc      0%         2d3       92%         4
 Petrify                  Tmut/Erth      0%         N/A       92%         4
 Irradiate                Conj/Tmut      0%         3d13      99%         5
 Metabolic Englaciation   Hex/Ice        0%         N/A       99%         5
 Starburst                Conj/Fire      2%         6d3       100%        6
 Statue Form              Tmut/Erth      0%         N/A       100%        6
 Ozocubu's Refrigeration  Ice            0%         4d5       100%        7


Dungeon Overview and Level Annotations

Branches:
Dungeon (4/15)
 Temple: D:4-7

Altars:
Gozag

Annotations:
D:2 1 runed translucent door, Crazy Yiuf
D:3 exclusion: 3 orcs, Grinder


Innate Abilities, Weirdness & Mutations

Your plain brown scales are hard. (AC +5)
You cannot fit into any form of body armour.
You are cold-blooded and may be slowed by cold attacks.


Message History

The orc priest closely misses you. The goblin hits you but does no damage.
Unknown command.
Casting: Scorch (safe; 10% risk of failure)
Confirm with . or Enter, or press ? or * to list all spells.
You don't have enough magic to cast this spell.
Unknown command.
You sock the orc priest! You burn the orc priest.
The orc priest is severely wounded.
The orc priest hits you with a +0 short sword.
The goblin hits you but does no damage.
The orc priest looks satisfied for a moment.
You hit the orc priest but do no damage.
The orc priest is severely wounded.
The goblin hits you with a +0 dagger. The orc hits you but does no damage.
The orc priest hits you with a +0 short sword.
You completely miss the orc priest.
The orc priest is severely wounded.
The goblin completely misses you. The orc barely misses you.
The orc priest calls down the wrath of Beogh upon you.
Beogh smites you!
You hit the orc priest. You burn the orc priest.
The orc priest is almost dead.
The goblin hits you with a +0 dagger. The orc hits you with a +0 flail.
The orc priest calls down the wrath of Beogh upon you.
Pain shoots through your body!
* * * LOW HITPOINT WARNING * * *
The goblin closely misses you. The orc hits you with a +0 flail.
* * * LOW HITPOINT WARNING * * *
You barely miss the orc priest.
The orc priest is almost dead.
The orc priest invokes the aid of Beogh against you.
Beogh smites you!
* * * LOW HITPOINT WARNING * * *
The goblin misses you. The orc barely misses you.
Unknown command.
You barely miss the orc priest.
The orc priest is almost dead.
The orc priest mumbles some strange prayers to Beogh against you.
Beogh smites you!
You die...

###.........##..#..
##......##### ###
#...#....# #
###.#.#### #
##......##
####.........
#)..)..##....
........#go....###
##..o####@..####
#... #o..# ##.
....... #
..........
...........
............
.............
..#...#.......


You could see an orc priest, an orc and a goblin.

Vanquished Creatures
  A centaur skeleton (D:3)
  3 gnolls (D:2)
  4 adders
  3 worms
  A dart slug (D:3)
  4 orcs (D:4)
  7 bats
  5 endoplasms
  4 giant cockroaches
  7 hobgoblins
  5 jackals
  A quokka (D:2)
  4 ball pythons
  3 frilled lizards
  4 goblins
  6 kobolds
  A rat (D:2)
63 creatures vanquished.

Notes
Turn   | Place    | Note
-------+----------+-------------------------------------------
     0 | D:1      | tilp the Draconian Cinder Acolyte began the quest for the
                  | Orb.
     0 | D:1      | Reached XP level 1. HP: 19/19 MP: 2/2
   141 | D:1      | Found a faded altar of an unknown god.
   175 | D:1      | Reached XP level 2. HP: 26/26 MP: 3/3
   178 | D:1      | Learned a level 2 spell: Scorch
   684 | D:1      | Reached skill level 1 in Stealth
  1209 | D:2      | Reached skill level 1 in Dodging
  1221 | D:2      | Reached XP level 3. HP: 33/33 MP: 0/4
  1595 | D:2      | Reached XP level 4. HP: 32/40 MP: 1/5
  1974 | D:2      | Found a runed translucent door.
  1975 | D:2      | Noticed Crazy Yiuf
  2413 | D:3      | Noticed Grinder
  2559 | D:3      | Found an opulent altar of Gozag.
  2840 | D:3      | Reached XP level 5. HP: 46/46 MP: 1/6
  3847 | D:4      | Killed from afar by an orc priest

Illustrated notes

Levels and vault maps discovered:
D:1:      dpeg_arrival_central, layout_basic, shapermc_ecumenical_altar_pompeii,
          fountainhead
D:2:      layout_loops_ring, uniq_crazy_yiuf_cottage
D:3:      layout_basic, mainiacjoe_overflow_chevrons, uniq_grinder
D:4:      layout_cave_pools, minmay_ruined_shrine

Skill      XL: |  1  2  3  4 |
---------------+-------------+-----
Stealth        | 1 2 |  2.0
Dodging        | 1 2 |  2.0
Fighting       | 4 |  4.0
Maces & Flails | 4 |  4.5
Spellcasting   | |  1.0
Fire Magic     | |  3.0

Action                   |  1- 3 |  4- 6 || total
-------------------------+-------+-------++-------
Melee: Mace              |    85 |    53 ||   138
       Tailslap          |     7 |       ||     7
 Cast: Scorch            |    11 |    27 ||    38
  Use: Scroll            |       |     3 ||     3
 Stab: Distracted        |       |     1 ||     1
       Sleeping          |       |     1 ||     1
Armor: Skin              |    50 |    31 ||    81
Dodge: Dodged            |    52 |    45 ||    97

Table legend: (Time is in decaauts)
 A = Elapsed time spent in this place.
 B = Non-inter-level travel time spent in this place.
 C = Inter-level travel time spent in this place.
 D = Time resting spent in this place.
 E = Time spent auto-exploring this place.
 F = Levels seen in this place.
 G = Mean time per level.
                   A        B        C        D        E       F      G
               +--------+--------+--------+--------+--------+-----+--------+
         Total |   3887 |   3683 |    204 |    460 |   2732 |   4 |  971.8 |
       Dungeon |   3887 |   3683 |    204 |    460 |   2732 |   4 |  971.8 |
               +--------+--------+--------+--------+--------+-----+--------+

Top non-repeatable levels by time:
     D:2: 1334 daAuts
     D:3: 1191 daAuts
     D:1: 984 daAuts
     D:4: 376 daAuts
